AoeStats
← Reymmius

Hideout

509590608Analyzed
1v1 RM · 4d ago on Sep 27, 2026· 22m 30s· 2 players
Game mode
Random Map
Map size
Tiny (2 player)
Population
200
Speed
Normal
Resources
Standard
Victory
Conquest
Starting age
Dark Age
Ending age
Imperial Age
RankedLock teamsTeams togetherTeam positionsShared explorationLock speedFull tech treeHidden civsTurbo modeCheats
Victory
Defeat
🇹🇷 Spanish · Türkiye
992
+18
🇪🇸 Mongols · Spain
980
-15
Reymmius
9:47 Feudal Age
15:31 Castle Age
16:39 Stone Mining
16:39 Double-Bit Axe
16:40 Horse Collar
OTTOMAN EMPİREEEEEEE5956
10:52 Feudal Age
14:53 Castle Age
17:15 Husbandry
17:56 Horse Collar
Connection lost

Rejoining the realm…

Still unreachable

The connection could not be restored.

Session expired

The server has moved on; the page needs a fresh start.